 Dungeon Crawl Stone Soup version 0.30.0-15-g856e2d3f33 (webtiles) character file.

Game seed: 14209279972620531151

111 oldmanjim the Digger (level 4, -9/40 HPs)
             Began as an Armataur Earth Elementalist on May 18, 2023.
             Succumbed to a kobold brigand's curare-tipped dart
             ... in a sewer.
             The game lasted 00:14:32 (2018 turns).

oldmanjim the Digger (Armataur Earth Elementalist)  Turns: 2018, Time: 00:14:32

Health: -9/40      AC:  5    Str: 15    XL:     4   Next: 62%
Magic:  7/7        EV:  9    Int: 15    God:
Gold:   81         SH:  0    Dex: 11    Spells: 4/7 levels left

rFire   . . .        b - +4 halberd
rCold   . . .        (shield currently unavailable)
rNeg    . . .        l - +0 robe
rPois   .            (no helmet)
rElec   .            (no cloak)
rCorr   .            n - +0 pair of gloves
SInv    .            (no barding)
Will    .....        f - amulet of regeneration
Stlth   ++           (no ring)
HPRegen 1.06/turn    (no ring)
MPRegen 0.10/turn

%: roll
@: lethally poisoned (-9 -> -32), attractive, slowed, very slow
A: large, rugged brown scales 3, deformed body, armoured tail, roll, long
tongue, awkward tongue
a: no special abilities


You were in a sewer.
You visited 1 branch of the dungeon, and saw 3 of its levels.
You also visited: Sewer.

You collected 81 gold pieces.

Inventory:

Hand Weapons
 a - a +0 dagger of venom
 b - a +4 halberd (weapon)
Missiles
 c - 32 stones
 d - 5 poisoned darts (quivered)
 p - 2 throwing nets
Armour
 l - a +0 robe (worn)
 n - a +0 pair of gloves (worn)
Jewellery
 f - an amulet of regeneration (around neck)
Scrolls
 h - 2 scrolls of enchant armour {unknown}
 j - 2 scrolls of teleportation
 q - a scroll of immolation
Potions
 g - 2 potions of mutation
 i - a potion of attraction
 k - a potion of ambrosia {unknown}
 m - a potion of magic


   Skills:
 + Level 3.0 Fighting
 + Level 0.2 Armour
 - Level 1.3 Dodging
 - Level 2.1 Stealth
 - Level 2.0 Spellcasting
 - Level 2.0 Transmutations
 - Level 3.0 Earth Magic


You had 4 spell levels left.
You knew the following spells:

 Your Spells              Type           Power      Damage    Failure   Level
a - Sandblast             Erth           20%        2d7       6%          1
b - Passwall              Tmut/Erth      7%         N/A       12%         2

Your spell library contained the following spells:

 Spells                   Type           Power      Damage    Failure   Level
 Stone Arrow              Conj/Erth      12%        3d7       34%         3
 Portal Projectile        Hex/Tloc       2%         N/A       54%         3
 Tukima's Dance           Hex            1%         N/A       54%         3
 Petrify                  Tmut/Erth      9%         N/A       61%         4
 Blade Hands              Tmut           3%         N/A       95%         5


Dungeon Overview and Level Annotations

Branches:
Dungeon (3/15)              Sewer (1/1)

Altars:

Shops:
D:1 [   D:2 ((


Innate Abilities, Weirdness & Mutations

You are completely covered in rugged brown scales. (AC +3, +7% HP)
Armour fits poorly on your strangely shaped body.
You have a long armoured tail.
You roll when moving toward enemies. (Rampage)
Your long tongue fully drains potion bottles. (2x potion effects)
Your tongue gives you trouble enunciating. (1.5x scroll delay)


Message History

You are more poisoned.
You have difficulty breathing.
* * * LOW HITPOINT WARNING * * *
You feel as though you will be slow longer.
The kobold throws a stone.
The stone barely misses you.
You feel better.
You slurp down every last drop of the potion of curing!
You reach to attack!
You slash the kobold brigand!
The kobold brigand is almost dead.
The kobold brigand throws a curare-tipped dart.
The curare-tipped dart hits you.
You are poisoned.
You have difficulty breathing.
You feel as though you will be slow longer.
You are too injured to fight recklessly!
It was a potion of attraction.
You feel attractive to monsters.
You slurp down every last drop of the potion of attraction!
You feel very sick.
The kobold throws a stone.
The stone hits you but does no damage.
You are too injured to fight recklessly!
You feel very sick.
The kobold throws a stone.
The stone closely misses you.
The kobold brigand throws a curare-tipped dart.
The curare-tipped dart hits you.
You are more poisoned.
You have difficulty breathing.
* * * LOW HITPOINT WARNING * * *
You feel as though you will be slow longer.
The kobold brigand throws a curare-tipped dart.
The curare-tipped dart hits you.
You are more poisoned.
You have difficulty breathing.
* * * LOW HITPOINT WARNING * * *
You feel as though you will be slow longer.
The kobold throws a stone.
The stone barely misses you.
Unknown command.
Why would you want to do that?
Unknown command.
You die...

########........
#####....#..........
#.∩.#.?!.'..........
#.∩.#.∩KK'..~~~~P...
#...#....#K~~~P~....
###'########~~######
#≈~~~~~~~~~~KK~~~~~~
#≈≈~≈≈≈≈≈~≈≈≈≈≈~≈≈≈≈
#≈~~~~~~~~@~~~~~~~~~
#################~~~
~~ .


You could see a kobold brigand and a kobold.

Vanquished Creatures
  3 adders
  4 gnolls (D:2)
  A dart slug (D:1)
  An endoplasm (D:1)
  5 giant cockroaches
  3 goblins
  A hobgoblin (D:1)
  4 jackals (D:1)
  5 kobolds
  2 quokkas
  6 ball pythons
  3 bats
  2 frilled lizards
  4 rats
44 creatures vanquished.

Notes
Turn   | Place    | Note
-------+----------+-------------------------------------------
     0 | D:1      | oldmanjim the Armataur Earth Elementalist began the quest
                  | for the Orb.
     0 | D:1      | Reached XP level 1. HP: 14/14 MP: 3/3
    84 | D:1      | Reached skill level 1 in Transmutations
   215 | D:1      | Reached XP level 2. HP: 23/23 MP: 2/4
   363 | D:1      | Found a faded altar of an unknown god.
   607 | D:1      | Reached skill level 1 in Fighting
   770 | D:1      | Found Axkaz's Armour Shoppe.
  1192 | D:1      | Learned a level 2 spell: Passwall
  1228 | D:1      | Reached XP level 3. HP: 27/29 MP: 3/6
  1390 | D:2      | Reached XP level 4. HP: 11/38 MP: 7/7
  1490 | D:2      | Found Nabroc's Weapon Shoppe.
  1547 | D:2      | Found Nassir's Antique Weapon Shop.
  1949 | D:3      | Found a glowing drain.
  1979 | Sewer    | Entered a sewer
  1996 | Sewer    | Noticed a kobold brigand
  2017 | Sewer    | HP: 1/40 [asphyx]
  2018 | Sewer    | Succumbed to a kobold brigand's curare-tipped dart

Illustrated notes

Levels and vault maps discovered:
D:1:      minmay_arrival_glassed_features, layout_loops_ring,
          dilly_ecumenical_altar_fadedgnrine, serial_shops, shop,
          kennysheep_small_spiral
D:2:      layout_loops_cross, serial_shops, shop, nicolae_shop_rolling_square
D:3:      layout_basic, gammafunk_temple_of_torment, gup_sewer_entry_glass,
          uniq_terence
Sewer:    kennysheep_pipe_town

Skill      XL: |  1  2  3  4 |
---------------+-------------+-----
Transmutations | 1 2 |  2.0
Spellcasting   | 2 |  2.0
Fighting       | 1 2 3 |  3.0
Earth Magic    | 3 |  3.0
Armour         | |  0.2
Dodging        | |  1.3
Stealth        | |  2.1

Action                     |  1- 3 |  4- 6 || total
---------------------------+-------+-------++-------
  Melee: Unarmed           |     2 |       ||     2
         Halberd           |     7 |    45 ||    52
         Dagger            |     7 |       ||     7
         Tailslap          |     2 |     1 ||     3
   Cast: Sandblast         |    33 |       ||    33
    Use: Scroll            |       |     6 ||     6
         Potion            |       |     3 ||     3
   Stab: Sleeping          |       |     3 ||     3
         Distracted        |       |     1 ||     1
 Armour: Robe              |     6 |    25 ||    31
  Dodge: Dodged            |    16 |    20 ||    36
